AoeStats
← Artemiska

Golden Pit

509213857Analyzed
1v1 RM · 5d ago on Sep 25, 2026· 55m 18s· 2 players
Game mode
Random Map
Map size
Tiny (2 player)
Population
200
Speed
Normal
Resources
Standard
Victory
Conquest
Starting age
Dark Age
Ending age
Imperial Age
RankedLock teamsTeams togetherTeam positionsShared explorationLock speedFull tech treeHidden civsTurbo modeCheats
Victory
Defeat
🇨🇿 Varangians · Czechia
881
+17
🇬🇧 Britons · United Kingdom
912
-17
Artemiska
6:27 Loom
10:03 Feudal Age
13:21 Bloodlines
15:59 Double-Bit Axe
22:30 Castle Age
21:24 Horse Collar
24:00 Forging
26:02 Husbandry
26:14 Gold Mining
28:44 Bow Saw
29:55 Iron Casting
29:26 Scale Barding Armor
29:24 Heavy Plow
30:48 Fletching
32:03 Wheelbarrow
31:14 Town Watch
31:36 Vendel Legacy
34:15 Bodkin Arrow
35:36 Hand Cart
39:10 Chain Barding Armor
42:41 Imperial Age
42:49 Devotion
42:50 Atonement
45:17 Conscription
46:05 Squires
45:50 Arson
47:23 Masonry
48:15 Chemistry
47:23 Siege Engineers
47:14 Cavalier
48:43 Crop Rotation
52:17 Gothikon
53:31 Onager
56:10 Ballistics
thisistayuk
3:30 Loom
5:24 Loom
11:54 Feudal Age
12:26 Double-Bit Axe
12:21 Horse Collar
16:35 Wheelbarrow
19:44 Gold Mining
21:03 Town Watch
24:51 Castle Age
24:39 Forging
24:33 Stone Mining
25:16 Padded Archer Armor
28:18 Bow Saw
32:31 Fletching
37:33 Imperial Age
36:03 Bodkin Arrow
38:05 Iron Casting
38:40 Scale Mail Armor
39:34 Conscription
40:17 Two-Man Saw
39:18 Heavy Plow
41:04 Gold Shaft Mining
40:48 Hand Cart
43:56 Hoardings
43:49 Leather Archer Armor
44:45 Scale Mail Armor
52:01 Ballistics
52:12 Town Patrol
53:27 Chain Mail Armor
Connection lost

Rejoining the realm…

Still unreachable

The connection could not be restored.

Session expired

The server has moved on; the page needs a fresh start.